General information
- name: BNet
- type: Ladder team game (AT/RT)
- host: Battle.net
- saver: skoolshootah
map: Deadlands
- players: 8
- length: 45:55
- speed: Fast
- version: 1.27 W3XP
- replay type: Public
» download(254 KB)
Players
team 1 (loser)

»
2l82h8sk8m8 (
orange | 51 APM | 1542 actions | 30:11)
6 Mountain King
1 Thunder Clap
3 Storm Bolt
1 Bash
1 Avatar
» actions
| Assign group hotkey | 56 | |
| Basic commands | 12 | |
| Build / train | 109 | |
| ESC pressed | 3 | |
| Enter build submenu | 40 | |
| Enter hero's abilities submenu | 6 | |
| Give item / drop item | 1 | |
| Remove unit from queue | 7 | |
| Right click | 568 | |
| Select / deselect | 333 | |
| Select group hotkey | 284 | |
| Use ability | 123 | |
1542 total
» units
| Peasant | 33 | |
| Spell Breaker | 9 | |
| Sorceress | 1 | |
| Gryphon Rider | 2 | |
| Priest | 4 | |
| Knight | 1 | |
50 total
» upgrades
| Masonry | 3 | |
| Lumber Harvesting | 1 | |
| Sorceress Training | 1 | |
| Swords | 1 | |
| Plating | 1 | |
| Priest Training | 2 | |
| Animal War Training | 1 | |
| Storm Hammers | 1 | |
11 total
» buildings
| Altar of Kings | 1 | |
| Farm | 10 | |
| Lumber Mill | 1 | |
| Arcane Vault | 2 | |
| Scout Tower | 19 | |
| Keep | 1 | |
| Guard Tower | 6 | |
| Arcane Tower | 3 | |
| Town Hall | 2 | |
| Arcane Sanctum | 2 | |
| Blacksmith | 2 | |
| Castle | 1 | |
| Gryphon Aviary | 1 | |
| Barracks | 1 | |
52 total
» build order
00:08 Altar of Kings
00:11 Farm
01:35 Lumber Mill
02:07 Farm
02:26 Arcane Vault
02:28 Scout Tower
02:36 Scout Tower
02:52 Scout Tower
02:58 Farm
03:00 Farm
03:11 Keep
03:21 Scout Tower
04:06 Guard Tower
04:11 Scout Tower
04:33 Arcane Tower
04:36 Guard Tower
04:51 Arcane Tower
04:57 Scout Tower
05:27 Arcane Tower
05:31 Scout Tower
06:20 Scout Tower
06:27 Town Hall
06:30 Arcane Tower
06:43 Arcane Sanctum
06:47 Arcane Sanctum
06:49 Guard Tower
07:11 Guard Tower
07:38 Farm
07:41 Farm
07:42 Farm
10:10 Blacksmith
12:41 Castle
13:00 Arcane Vault
13:03 Gryphon Aviary
13:08 Barracks
13:46 Scout Tower
14:11 Farm
14:35 Guard Tower
16:41 Guard Tower
22:42 Farm
22:43 Farm
23:52 Town Hall
23:54 Scout Tower
23:56 Scout Tower
24:01 Scout Tower
24:17 Scout Tower
24:22 Scout Tower
24:46 Blacksmith
27:19 Scout Tower
27:21 Scout Tower
27:24 Scout Tower
27:31 Scout Tower
» items
| Scroll of Regeneration | 6 | |
| Lesser Clarity Potion | 4 | |
| Potion of Healing | 5 | |
| Boots of Speed | 1 | |
| Circlet of Nobility | 1 | |
| Scroll of Town Portal | 5 | |
| Ivory Tower | 3 | |
| Orb of Fire | 1 | |
| Potion of Mana | 1 | |
27 total
theswordofdoom (
yellow | 50 APM | 2286 actions | 45:51)
7 Blademaster
3 Wind Walk
3 Critical Strike
1 Bladestorm
» actions
| Assign group hotkey | 41 | |
| Basic commands | 226 | |
| Build / train | 60 | |
| Enter build submenu | 73 | |
| Enter hero's abilities submenu | 9 | |
| Give item / drop item | 16 | |
| Right click | 783 | |
| Select / deselect | 415 | |
| Select group hotkey | 179 | |
| Use ability | 484 | |
2286 total
» units
| Peon | 10 | |
| Grunt | 4 | |
| Goblin Shredder | 2 | |
| Goblin Zeppelin | 2 | |
| Wind Rider | 3 | |
| Goblin Sapper | 4 | |
25 total
» upgrades
| Reinforced Defenses | 1 | |
| Ranged Weapons | 3 | |
| Armor | 3 | |
| Troll Regeneration | 1 | |
| Envenomed Spears | 1 | |
| Ensnare | 1 | |
| Pillage | 1 | |
11 total
» buildings
| Orc Burrow | 7 | |
| Altar of Storms | 1 | |
| Barracks | 1 | |
| Voodoo Lounge | 3 | |
| Stronghold | 1 | |
| War Mill | 2 | |
| Watch Tower | 59 | |
| Great Hall | 3 | |
| Fortress | 1 | |
| Beastiary | 4 | |
82 total
» build order
00:10 Orc Burrow
00:50 Altar of Storms
00:51 Barracks
01:04 Orc Burrow
01:35 Voodoo Lounge
02:50 Stronghold
03:57 War Mill
04:06 Orc Burrow
05:35 Watch Tower
05:35 Watch Tower
05:36 Watch Tower
05:38 Watch Tower
05:55 Great Hall
06:24 Watch Tower
07:22 Watch Tower
07:52 Voodoo Lounge
08:32 Watch Tower
08:56 Watch Tower
09:40 Watch Tower
09:55 Fortress
10:04 Watch Tower
10:06 Watch Tower
10:08 Watch Tower
10:11 Watch Tower
10:13 Watch Tower
10:56 Watch Tower
10:57 Watch Tower
10:59 Watch Tower
10:59 Watch Tower
11:03 Watch Tower
11:04 Watch Tower
13:54 Watch Tower
13:55 Beastiary
13:58 Beastiary
14:00 Beastiary
14:04 Beastiary
14:14 War Mill
17:57 Watch Tower
17:57 Watch Tower
17:57 Watch Tower
17:58 Watch Tower
17:59 Watch Tower
17:59 Watch Tower
18:01 Watch Tower
18:01 Watch Tower
18:01 Watch Tower
18:07 Watch Tower
18:07 Watch Tower
18:07 Watch Tower
18:07 Watch Tower
18:08 Watch Tower
18:09 Watch Tower
18:35 Watch Tower
18:36 Watch Tower
18:36 Watch Tower
18:38 Watch Tower
18:41 Great Hall
18:44 Watch Tower
18:45 Watch Tower
18:47 Watch Tower
18:49 Watch Tower
20:26 Voodoo Lounge
20:28 Watch Tower
20:29 Watch Tower
20:31 Watch Tower
22:08 Orc Burrow
22:13 Orc Burrow
22:16 Orc Burrow
24:28 Orc Burrow
29:14 Great Hall
29:19 Watch Tower
29:19 Watch Tower
29:20 Watch Tower
29:21 Watch Tower
29:22 Watch Tower
29:23 Watch Tower
29:24 Watch Tower
29:24 Watch Tower
29:26 Watch Tower
29:26 Watch Tower
29:27 Watch Tower
29:28 Watch Tower
» items
| Healing Salve | 5 | |
| Potion of Healing | 1 | |
| Lesser Clarity Potion | 1 | |
| Scroll of Town Portal | 2 | |
| Orb of Lightning | 1 | |
| Staff of Teleportation | 1 | |
| Scroll of Regeneration | 1 | |
| Mechanical Critter | 2 | |
14 total
Newbs. (
pink | 36 APM | 1172 actions | 32:45)
6 Mountain King
3 Storm Bolt
2 Bash
1 Avatar
» actions
| Basic commands | 59 | |
| Build / train | 97 | |
| Enter build submenu | 22 | |
| Enter hero's abilities submenu | 6 | |
| Give item / drop item | 5 | |
| Right click | 476 | |
| Select / deselect | 399 | |
| Use ability | 108 | |
1172 total
» units
| Peasant | 15 | |
| Mortar Team | 32 | |
| Flying Machine | 11 | |
| Siege Engine | 8 | |
66 total
» upgrades
| Gunpowder | 3 | |
| Armor | 3 | |
| Flare | 1 | |
| Fragmentation Shards | 1 | |
| Barrage | 1 | |
| Flak Cannons | 1 | |
| Flying Machine Bombs | 1 | |
11 total
» buildings
| Farm | 12 | |
| Lumber Mill | 1 | |
| Scout Tower | 1 | |
| Altar of Kings | 1 | |
| Arcane Tower | 1 | |
| Blacksmith | 1 | |
| Keep | 1 | |
| Castle | 1 | |
| Workshop | 3 | |
| Arcane Vault | 1 | |
| Arcane Sanctum | 1 | |
| Town Hall | 1 | |
25 total
» build order
01:05 Farm
01:23 Lumber Mill
01:29 Scout Tower
01:41 Altar of Kings
01:53 Farm
01:57 Farm
02:00 Arcane Tower
02:42 Blacksmith
02:50 Farm
02:51 Keep
03:29 Farm
03:59 Farm
04:42 Farm
05:15 Castle
05:18 Workshop
05:20 Workshop
05:21 Workshop
06:30 Farm
09:44 Arcane Vault
10:01 Farm
10:17 Arcane Sanctum
10:37 Farm
10:45 Farm
11:11 Farm
23:28 Town Hall
» items
| Scroll of Speed | 2 | |
| Boots of Speed | 1 | |
| Scroll of Protection | 1 | |
| Scroll of Town Portal | 1 | |
| Healing Salve | 1 | |
| Lesser Clarity Potion | 1 | |
7 total
mulan2004 (
blue | 50 APM | 2286 actions | 45:51)
4 Priestess of the Moon
2 Searing Arrows
2 Trueshot Aura
» actions
| Assign group hotkey | 378 | |
| Basic commands | 367 | |
| Build / train | 105 | |
| ESC pressed | 3 | |
| Enter build submenu | 31 | |
| Enter hero's abilities submenu | 4 | |
| Right click | 569 | |
| Select / deselect | 348 | |
| Select group hotkey | 399 | |
| Use ability | 81 | |
2286 total
» units
| Wisp | 52 | |
| Huntress | 14 | |
| Mountain Giant | 2 | |
| Dryad | 7 | |
| Glaive Thrower | 2 | |
| Mortar Team | 4 | |
81 total
» upgrades
| Strength of the Wild | 1 | |
| Reinforced Hides | 1 | |
| Sentinel | 1 | |
| Abolish Magic | 1 | |
4 total
» buildings
| Altar of Elders | 2 | |
| Moon Well | 5 | |
| Hunter's Hall | 1 | |
| Ancient of War | 4 | |
| Tree of Life | 6 | |
| Ancient Protector | 7 | |
| Tree of Ages | 1 | |
| Ancient of Wonders | 1 | |
| Ancient of Lore | 2 | |
29 total
» build order
00:06 Altar of Elders
00:15 Moon Well
01:23 Moon Well
01:50 Moon Well
02:54 Hunter's Hall
03:08 Ancient of War
03:15 Ancient of War
03:48 Moon Well
04:07 Tree of Life
04:46 Moon Well
05:38 Ancient Protector
06:12 Ancient Protector
08:04 Ancient Protector
08:17 Tree of Ages
08:21 Ancient of Wonders
10:48 Ancient of Lore
10:50 Ancient of Lore
13:50 Tree of Life
13:54 Tree of Life
19:37 Tree of Life
19:48 Ancient Protector
20:08 Altar of Elders
22:10 Tree of Life
23:36 Ancient Protector
24:19 Ancient of War
25:44 Tree of Life
26:09 Ancient of War
26:37 Ancient Protector
26:40 Ancient Protector
» items
| Scroll of Town Portal | 5 | |
| Potion of Lesser Invulnerability | 3 | |
| Dust of Appearance | 1 | |
| Scroll of Healing | 2 | |
| Potion of Healing | 2 | |
13 total
team 2 (winner)

»
Dabu (
teal | 42 APM | 903 actions | 21:39)
3 Blademaster
2 Wind Walk
1 Critical Strike
» actions
| Assign group hotkey | 50 | |
| Basic commands | 21 | |
| Build / train | 38 | |
| ESC pressed | 9 | |
| Enter build submenu | 21 | |
| Enter hero's abilities submenu | 4 | |
| Right click | 221 | |
| Select / deselect | 170 | |
| Select group hotkey | 316 | |
| Use ability | 53 | |
903 total
» units
| Peon | 10 | |
| Shaman | 4 | |
| Troll Witch Doctor | 3 | |
| Tauren | 5 | |
22 total
» upgrades
| Armor | 1 | |
| Melee Weapons | 2 | |
| Shaman Training | 2 | |
| Witch Doctor Training | 2 | |
| Pillage | 1 | |
| Reinforced Defenses | 1 | |
| Pulverize | 1 | |
10 total
» buildings
| Orc Burrow | 5 | |
| Altar of Storms | 3 | |
| Barracks | 2 | |
| Stronghold | 1 | |
| War Mill | 2 | |
| Fortress | 1 | |
| Spirit Lodge | 2 | |
| Tauren Totem | 2 | |
| Voodoo Lounge | 1 | |
| Great Hall | 1 | |
20 total
» build order
00:27 Orc Burrow
01:26 Altar of Storms
01:29 Barracks
01:34 Barracks
01:39 Altar of Storms
01:43 Altar of Storms
02:11 Orc Burrow
03:07 Stronghold
03:21 War Mill
03:25 War Mill
05:33 Fortress
05:35 Spirit Lodge
05:40 Spirit Lodge
06:44 Orc Burrow
06:49 Orc Burrow
08:12 Tauren Totem
08:34 Tauren Totem
09:07 Orc Burrow
09:16 Voodoo Lounge
14:04 Great Hall
skoolshootah (
purple | 97 APM | 4439 actions | 45:55)
9 Archmage
3 Summon Water Elemental
3 Brilliance Aura
1 Mass Teleport
2 Blizzard
» actions
| Assign group hotkey | 94 | |
| Basic commands | 54 | |
| Build / train | 276 | |
| ESC pressed | 34 | |
| Enter build submenu | 95 | |
| Enter hero's abilities submenu | 9 | |
| Give item / drop item | 5 | |
| Right click | 1305 | |
| Select / deselect | 597 | |
| Select group hotkey | 1177 | |
| Use ability | 793 | |
4439 total
» units
| Peasant | 33 | |
| Footman | 9 | |
| Gryphon Rider | 8 | |
| Dragonhawk Rider | 4 | |
| Goblin Zeppelin | 10 | |
| Knight | 2 | |
| Goblin Sapper | 3 | |
| Goblin Shredder | 1 | |
70 total
» upgrades
| Swords | 3 | |
| Masonry | 3 | |
| Armor | 3 | |
| Animal War Training | 1 | |
| Storm Hammers | 1 | |
| Cloud | 1 | |
| Backpack | 1 | |
| Plating | 3 | |
| Gunpowder | 2 | |
| Lumber Harvesting | 2 | |
| Long Rifles | 1 | |
| Defend | 1 | |
22 total
» buildings
| Altar of Kings | 3 | |
| Barracks | 2 | |
| Farm | 8 | |
| Arcane Vault | 2 | |
| Blacksmith | 1 | |
| Lumber Mill | 1 | |
| Keep | 9 | |
| Town Hall | 11 | |
| Scout Tower | 53 | |
| Arcane Tower | 7 | |
| Guard Tower | 108 | |
| Castle | 6 | |
| Gryphon Aviary | 3 | |
214 total
» build order
01:12 Altar of Kings
01:14 Barracks
01:16 Altar of Kings
01:18 Farm
01:21 Altar of Kings
01:24 Farm
01:30 Arcane Vault
01:49 Farm
03:01 Blacksmith
03:06 Lumber Mill
03:44 Farm
04:14 Keep
04:15 Keep
04:15 Keep
04:29 Farm
04:55 Town Hall
05:57 Scout Tower
06:23 Arcane Tower
06:23 Arcane Tower
06:29 Scout Tower
06:38 Scout Tower
06:39 Scout Tower
06:40 Scout Tower
06:42 Scout Tower
07:02 Guard Tower
07:02 Guard Tower
07:03 Guard Tower
07:39 Castle
07:39 Castle
07:39 Castle
07:56 Scout Tower
07:57 Scout Tower
07:59 Scout Tower
07:59 Scout Tower
08:27 Guard Tower
08:27 Guard Tower
08:28 Guard Tower
08:28 Guard Tower
08:29 Guard Tower
08:29 Guard Tower
08:33 Guard Tower
08:34 Guard Tower
08:38 Scout Tower
08:39 Scout Tower
08:48 Gryphon Aviary
08:53 Gryphon Aviary
09:04 Arcane Tower
09:04 Arcane Tower
09:04 Guard Tower
09:04 Guard Tower
09:05 Guard Tower
09:11 Arcane Tower
09:12 Guard Tower
09:12 Guard Tower
09:12 Guard Tower
09:54 Scout Tower
09:57 Scout Tower
10:31 Arcane Vault
10:34 Guard Tower
10:34 Guard Tower
10:36 Guard Tower
10:36 Guard Tower
11:09 Farm
12:56 Gryphon Aviary
13:16 Keep
13:16 Keep
14:07 Town Hall
14:17 Scout Tower
14:19 Scout Tower
14:20 Scout Tower
14:21 Scout Tower
14:50 Scout Tower
15:00 Guard Tower
15:00 Guard Tower
15:01 Guard Tower
15:01 Guard Tower
15:31 Guard Tower
15:31 Guard Tower
16:05 Castle
16:05 Castle
18:59 Town Hall
19:02 Scout Tower
19:04 Scout Tower
19:05 Scout Tower
19:06 Scout Tower
20:26 Guard Tower
20:27 Guard Tower
21:44 Scout Tower
21:52 Scout Tower
21:52 Scout Tower
21:55 Scout Tower
21:55 Scout Tower
21:56 Scout Tower
21:58 Scout Tower
21:59 Scout Tower
22:09 Farm
22:10 Farm
22:12 Keep
22:12 Keep
22:21 Guard Tower
22:21 Guard Tower
22:21 Guard Tower
22:22 Guard Tower
22:22 Guard Tower
22:22 Guard Tower
22:23 Guard Tower
22:24 Guard Tower
22:24 Guard Tower
22:24 Guard Tower
22:25 Guard Tower
22:32 Guard Tower
22:32 Guard Tower
22:33 Guard Tower
22:33 Guard Tower
22:33 Guard Tower
23:46 Barracks
23:48 Scout Tower
23:50 Scout Tower
24:46 Guard Tower
24:46 Guard Tower
24:46 Guard Tower
24:47 Guard Tower
24:47 Guard Tower
24:47 Guard Tower
25:06 Town Hall
25:07 Scout Tower
25:10 Scout Tower
25:34 Guard Tower
25:34 Guard Tower
26:22 Guard Tower
26:22 Guard Tower
26:41 Scout Tower
26:43 Scout Tower
26:51 Scout Tower
26:52 Scout Tower
27:03 Town Hall
27:31 Guard Tower
27:31 Guard Tower
27:52 Guard Tower
29:29 Scout Tower
29:30 Scout Tower
29:31 Scout Tower
30:02 Guard Tower
31:43 Town Hall
31:46 Scout Tower
31:47 Scout Tower
31:48 Scout Tower
31:50 Scout Tower
31:51 Scout Tower
32:18 Guard Tower
32:18 Guard Tower
32:18 Guard Tower
32:19 Guard Tower
32:34 Guard Tower
32:35 Guard Tower
32:35 Guard Tower
32:35 Guard Tower
32:58 Guard Tower
32:58 Guard Tower
32:58 Guard Tower
32:59 Guard Tower
33:07 Town Hall
33:14 Scout Tower
33:14 Scout Tower
33:15 Scout Tower
33:16 Scout Tower
34:07 Guard Tower
34:07 Guard Tower
34:07 Guard Tower
34:08 Guard Tower
37:42 Scout Tower
38:01 Guard Tower
38:01 Guard Tower
38:16 Scout Tower
38:28 Guard Tower
38:28 Guard Tower
38:28 Guard Tower
38:37 Town Hall
38:44 Town Hall
39:21 Town Hall
39:29 Town Hall
» items
| Scroll of Regeneration | 7 | |
| Mechanical Critter | 4 | |
| Scroll of Town Portal | 5 | |
| Potion of Lesser Invulnerability | 3 | |
| Staff of Teleportation | 1 | |
| Periapt of Vitality | 1 | |
| Staff of Sanctuary | 1 | |
22 total
MexicoDF (
green | 63 APM | 1289 actions | 20:32)
6 Blood Mage
3 Flame Strike
2 Siphon Mana
1 Summon Phoenix
» actions
| Assign group hotkey | 26 | |
| Basic commands | 23 | |
| Build / train | 76 | |
| ESC pressed | 1 | |
| Enter build submenu | 24 | |
| Enter hero's abilities submenu | 6 | |
| Give item / drop item | 1 | |
| Right click | 333 | |
| Select / deselect | 258 | |
| Select group hotkey | 474 | |
| Use ability | 67 | |
1289 total
» units
| Peasant | 10 | |
| Flying Machine | 22 | |
32 total
» upgrades
| Masonry | 3 | |
| Lumber Harvesting | 2 | |
| Flying Machine Bombs | 1 | |
| Flak Cannons | 1 | |
| Gunpowder | 2 | |
| Plating | 2 | |
11 total
» buildings
| Altar of Kings | 2 | |
| Farm | 11 | |
| Arcane Vault | 1 | |
| Keep | 3 | |
| Lumber Mill | 2 | |
| Scout Tower | 3 | |
| Arcane Tower | 1 | |
| Blacksmith | 1 | |
| Guard Tower | 2 | |
| Castle | 1 | |
| Workshop | 2 | |
| Town Hall | 1 | |
30 total
» build order
00:08 Altar of Kings
00:11 Altar of Kings
00:20 Farm
00:52 Arcane Vault
00:59 Farm
01:25 Farm
02:11 Farm
02:39 Keep
02:40 Keep
02:40 Keep
02:44 Lumber Mill
02:48 Lumber Mill
02:52 Scout Tower
03:20 Scout Tower
03:22 Arcane Tower
03:27 Blacksmith
03:50 Scout Tower
03:52 Guard Tower
04:21 Farm
04:24 Guard Tower
04:45 Farm
05:39 Farm
05:40 Castle
05:59 Workshop
06:01 Workshop
06:28 Farm
08:25 Farm
09:39 Farm
12:09 Farm
18:51 Town Hall
» items
| Lesser Clarity Potion | 2 | |
| Scroll of Regeneration | 2 | |
| Orb of Fire | 1 | |
| Staff of Sanctuary | 4 | |
| Scroll of Town Portal | 1 | |
| Potion of Healing | 7 | |
17 total
disconnected (
red | 53 APM | 1936 actions | 36:24)
6 Mountain King
3 Storm Bolt
2 Bash
1 Avatar
» actions
| Assign group hotkey | 30 | |
| Basic commands | 47 | |
| Build / train | 52 | |
| ESC pressed | 3 | |
| Enter build submenu | 21 | |
| Enter hero's abilities submenu | 6 | |
| Give item / drop item | 4 | |
| Right click | 544 | |
| Select / deselect | 196 | |
| Select group hotkey | 964 | |
| Use ability | 69 | |
1936 total
» units
| Peasant | 13 | |
| Footman | 2 | |
| Rifleman | 6 | |
| Goblin Shredder | 1 | |
| Mortar Team | 4 | |
26 total
» upgrades
| Gunpowder | 2 | |
| Armor | 2 | |
| Lumber Harvesting | 1 | |
| Flare | 1 | |
6 total
» buildings
| Altar of Kings | 2 | |
| Farm | 8 | |
| Barracks | 1 | |
| Blacksmith | 1 | |
| Keep | 1 | |
| Arcane Vault | 1 | |
| Town Hall | 1 | |
| Lumber Mill | 1 | |
| Workshop | 2 | |
18 total
» build order
00:45 Altar of Kings
00:51 Farm
01:05 Barracks
01:29 Farm
02:07 Farm
02:32 Blacksmith
03:16 Farm
04:51 Keep
05:55 Arcane Vault
07:02 Town Hall
08:18 Lumber Mill
08:42 Workshop
08:45 Farm
08:47 Farm
09:03 Workshop
09:45 Farm
09:46 Farm
16:07 Altar of Kings
» items
| Scroll of Town Portal | 2 | |
| Scroll of Regeneration | 2 | |
| Staff of Teleportation | 1 | |
| Healing Salve | 2 | |
| Boots of Speed | 1 | |
| Potion of Lesser Invulnerability | 1 | |
| Scroll of Healing | 2 | |
| Orb of Fire | 1 | |
12 total
Chat log
(00:29 / Allies) MexicoDF: rush or cc?
(00:37 / Allies) skoolshootah: no way man
(00:45 / Allies) MexicoDF: cc?
(00:45 / Allies) Dabu: he's asking what u want to do
(00:53 / Allies) Dabu: do u want to rush? or would u rather creep? )
(01:00 / Allies) disconnected: im a creeper
(01:05 / Allies) MexicoDF: ok cc
(01:17 / Allies) disconnected: i like to creep up on women
(01:20 / Allies) Dabu: hahe
(01:28 / Allies) MexicoDF: i cc
(01:47 / All) skoolshootah: pp external hard drive came unplugged need to listen 2 music
(02:11 / All) skoolshootah: wtf
(02:25 / All) skoolshootah: bad manners guys, this game is serious, give me a sec
(02:28 / All) skoolshootah: pp
(02:47 / All) skoolshootah: I rgink rhw xonnwxcr
(02:48 / All) skoolshootah: I think the connector is breaking
(02:53 / All) skoolshootah: it takes os much fiddling with
(02:55 / All) skoolshootah: can't manage to get it
(03:02 / All) skoolshootah: thanks
(03:04 / All) skoolshootah: 4 paUSES
(03:24 / Allies) disconnected: im creeping for a pause
(03:53 / Allies) disconnected: are there pause potions?
(04:00 / Allies) MexicoDF: red
(04:01 / All) skoolshootah: man no music this match TT
(04:08 / All) skoolshootah: fucking hard drive won't recognise
(04:41 / Allies) disconnected: i need more units
(04:50 / Allies) MexicoDF: call arms
(06:57 / Allies) skoolshootah: tp
(07:09 / Allies) Dabu: coming
(08:09 / Allies) disconnected: leave it, ill get morts
(08:56 / Allies) Dabu: wow
(09:13 / Allies) disconnected: get air
(09:14 / Allies) disconnected: ill get morts
(09:18 / Allies) skoolshootah: I got air
(10:00 / Allies) MexicoDF: gold?
(10:10 / Allies) skoolshootah: ty
(10:39 / Allies) MexicoDF: some gold purp?
(10:43 / Allies) skoolshootah: spending it
(11:37 / Allies) skoolshootah: hit expos here
(11:39 / Allies) skoolshootah: at mid
(13:03 / Allies) disconnected: repair
(13:06 / Allies) disconnected: omg
(13:34 / Allies) disconnected: how do you not reapair
(13:35 / Allies) skoolshootah: I need lumber
(13:39 / Allies) skoolshootah: I went to repair
(13:45 / Allies) skoolshootah: but I had no wood
(14:01 / Allies) skoolshootah: ty
(14:48 / Allies) disconnected: help
(14:49 / Allies) disconnected: wtf
(14:58 / Allies) disconnected: wake up cocks
(15:13 / Allies) skoolshootah: I have no tp because my hall died
(15:15 / Allies) skoolshootah: and I can't buy one
(15:18 / All) disconnected: if i had units, i would tk my team
(15:25 / All) skoolshootah: Red is a dumb whiny noob
(16:47 / Allies) MexicoDF: gold?
(16:47 / Allies) disconnected: gold for hero plz
(16:50 / All) Newbs.: gg
(17:14 / Allies) disconnected: 50 more gold plz
(17:44 / All) skoolshootah: LOL
(17:53 / All) skoolshootah: nice try
(18:40 / Allies) MexicoDF: gold
(18:42 / Allies) MexicoDF: for
(18:43 / Allies) MexicoDF: gold mine?
(19:25 / Allies) MexicoDF: bm
(20:03 / Allies) MexicoDF: gold
(20:31 / Allies) MexicoDF: ff
(20:31 / Allies) MexicoDF: gg
(20:37 / All) Newbs.: g
(20:38 / All) Newbs.: g
(20:45 / All) skoolshootah: Only shit talk when you think you won lol
(20:50 / All) skoolshootah: sign of a pussy bitch
(20:50 / All) Dabu: where's my altar!
(20:55 / All) Newbs.: Pawned
(20:58 / All) skoolshootah: Nah
(21:00 / All) Newbs.: watch Replay
(21:02 / All) Newbs.: I carried
(21:05 / All) Newbs.: spanked all four halls
(21:06 / All) skoolshootah: not worth watching trash like you
(21:07 / All) Newbs.: Alone
(21:16 / All) Newbs.: wipe them tears off your cheeks
(21:17 / All) skoolshootah: You're 436-495 way below 50%. You aren't carrying anyone, pink.
(21:23 / All) Newbs.: in fours
(21:24 / All) Newbs.: yawn
(21:35 / All) Dabu: i am pro
(21:38 / All) Dabu: top score this game
(23:04 / All) skoolshootah: wow
(23:06 / All) skoolshootah: you're really good pink
(23:11 / All) skoolshootah: good mortar skills
(23:18 / All) Newbs.: watch replay
(23:21 / All) Newbs.: you got butt hurt
(23:32 / All) skoolshootah: I'm not butt hurt but you will be
(23:40 / All) Newbs.: zzzzzzzzzzzzzzzz, yawn
(23:53 / Allies) disconnected: ]gold for items?
(26:19 / All) Newbs.: damn yellow is a fagget Newb
(26:20 / All) Newbs.: tking
(26:22 / All) theswordofdoom: LOL
(26:23 / All) theswordofdoom: OWNED
(26:24 / All) skoolshootah: You suck pink
(26:26 / All) skoolshootah: You're trash
(26:29 / All) theswordofdoom: Little baby gonna cry?
(26:30 / All) skoolshootah: with unwarranted self importance
(26:32 / All) theswordofdoom: hurt your fee fee?
(26:39 / All) theswordofdoom: newbs is complete trash
(26:41 / All) Newbs.: its ok yellow has it coming
(26:44 / All) theswordofdoom: only talks shit when he gets carried
(26:45 / All) Newbs.: watch
(26:51 / All) theswordofdoom: trash player, trash human
(26:53 / All) Newbs.: I did all the Carrying for sure
(27:01 / All) theswordofdoom: you got carried l
(27:05 / All) Newbs.: yellow is only brave in wc
(27:06 / All) theswordofdoom: I did more with 1 hero than you did with an army
(27:08 / All) skoolshootah: No one thinks that but you pink
(27:13 / All) Newbs.: Real PUssy in person
(27:13 / All) theswordofdoom: That's rich coming from you baby boy
(27:34 / All) Newbs.: yellow a tk queer
(27:34 / All) skoolshootah: back off orange
(27:38 / All) Newbs.: if you personally know him
(27:44 / All) Newbs.: sock him in the mouth for Me knock his out
(27:46 / All) skoolshootah: you're a real thorn in my side
(27:49 / All) skoolshootah: If you attack that you lose everything
(27:58 / All) Newbs.: if one of you personally knows yellow
(28:10 / All) Newbs.: knock his ass out for Me, sock him in the mouth
(28:13 / All) Newbs.: make him bleed
(28:14 / Allies) disconnected: gold for items
(28:40 / All) Newbs.: yellow is probably a nigger
(28:47 / All) Newbs.: niggers hate everyone
(28:52 / All) Newbs.: lynch his ass
(28:59 / All) theswordofdoom: FEAR OF A BLACK PLANET
(29:18 / All) Newbs.: why would you want all races to be ugly and look like deformed niggers
(29:27 / All) Newbs.: africa is the dumpster trashcan of the Planet
(29:40 / All) theswordofdoom: HOTEP
(29:46 / All) Newbs.: africa is sixth world country
(29:51 / All) theswordofdoom: SEE THE EVIL SCIENTIST YAKOB GRAFTED THE WHITE DEVIL
(29:52 / All) Newbs.: slaves by nature
(29:56 / All) theswordofdoom: FROM THE WHITE GERM
(30:04 / All) theswordofdoom: AND CREATED THE CAVE BEASTS 6000 YEARS AGO
(30:08 / All) Newbs.: find that nigger yellow and hang him from a TREE
(30:12 / All) theswordofdoom: BEFORE THAT WE WERE BUILDING PYRAMIDS WITH OUR MINDS AND SHIT
(30:20 / All) theswordofdoom: AND WHEN WE ACHIEVE 100% BLACK POPULATION WE WILL AGAIN BE
(30:25 / All) theswordofdoom: BUILDING PYRAMIDS WITH OUR MINDS AND SHIT
(30:28 / All) theswordofdoom: WE WUZ KANGS
(30:30 / All) Newbs.: yellow is a nigger
(30:39 / All) theswordofdoom: 69 TRILLION YEARS AGO THE BLACK CREATED THE MOON
(30:40 / All) skoolshootah: I'm a nigger too
(30:41 / All) Newbs.: find him and lynch him, hang him from a TREE
(30:43 / All) theswordofdoom: SO YOU WHITE CRACKERS
(30:45 / All) skoolshootah: we're the most successful race in history
(30:53 / All) skoolshootah: basically all inventions are black
(30:55 / All) skoolshootah: BLACK PRIDE
(31:00 / All) Newbs.: go pick My cotton nigger boy yellow
(31:01 / All) theswordofdoom: NOT MILLION NOT BILLION, TRILLION!
(31:01 / All) Newbs.: chimp
(31:14 / All) Newbs.: niggers are the ugliest race
(31:19 / All) Newbs.: wide nostrils
(31:26 / All) Newbs.: fat oversized lips
(31:27 / All) skoolshootah: sounds like you're brainwashed with WHITE beauty standards
(31:28 / All) Newbs.: nasty hair
(31:33 / All) Newbs.: charcoal skin
(31:40 / All) Newbs.: abomination before GOD YAHWEH
(31:46 / All) Newbs.: ISRAEL POWER IS NUMBER ONE
(31:57 / All) theswordofdoom: JEWS NEED TO GO BACK INTO THE OVEN
(32:00 / All) theswordofdoom: THEY'RE NOT DONE YET
(32:03 / All) Newbs.: track down where yellow lives
(32:27 / All) Newbs.: end him send him back to Lucifer Satan, so he can be TORTURED for all eternity
(32:37 / All) Newbs.: snuff this dumb chimp
(32:42 / All) theswordofdoom: Hitler did nothing wrong
(32:49 / All) skoolshootah: lol
(33:01 / Allies) disconnected: i am not sure what happened this game
(33:05 / All) theswordofdoom: THE POWER OF THE FUHRER COMPELS HIM
(33:09 / Allies) skoolshootah: h,m,mmmm
(33:11 / Allies) skoolshootah: what do you think happened
(33:31 / Allies) skoolshootah: do you have any idea??
(33:46 / All) disconnected: is this 10000 mountain giants
(34:00 / All) skoolshootah: did you play in the mass mountain giants game
(34:04 / All) theswordofdoom: you mean 300 food mountain giants?
(34:09 / All) disconnected: yes
(34:13 / All) skoolshootah: lol
(34:16 / All) theswordofdoom: yeah that was us lol
(34:17 / All) skoolshootah: sup
(34:20 / All) disconnected: LOL
(34:27 / All) disconnected: that game was epic
(35:19 / All) skoolshootah: Alright everyone listen up
(35:21 / All) disconnected: Well gg
(35:23 / All) skoolshootah: me and yellow were in this together
(35:28 / All) skoolshootah: We're going to give each of you equal chances at victory
(35:32 / All) theswordofdoom: Hello
(35:33 / All) skoolshootah: we're going to kill everything, including our own units
(35:38 / All) disconnected: im out
(35:38 / All) skoolshootah: and you will have no way to finish the other
(35:40 / All) disconnected: later broz
(35:42 / All) skoolshootah: it will be a mexican standoff
(35:44 / All) skoolshootah: will you stay for it?
(35:57 / All) disconnected: nah, i remember the last one, thats how i called it out
(36:00 / All) disconnected: It was epic
(36:05 / All) skoolshootah: lawl
(36:07 / All) skoolshootah: aight
(36:07 / All) disconnected: but no need for another
(36:10 / All) disconnected: laterz
(36:15 / All) disconnected: gg
(36:18 / All) theswordofdoom: Ciao
(36:35 / All) theswordofdoom: finish pink and oj
(40:30 / All) skoolshootah: no copter for you
(40:43 / All) theswordofdoom: it's a mort
(40:46 / All) theswordofdoom: no food for it llawl
(41:09 / All) skoolshootah: This last building?
(41:15 / All) theswordofdoom: my tower
(42:16 / All) theswordofdoom: you there blue?
(42:36 / All) theswordofdoom: You have until the next bladestorm to speak
(42:42 / All) theswordofdoom: or else I kill my last building and we lose
(44:52 / All) skoolshootah: that drains gold so fast